 Dungeon Crawl Stone Soup version 0.21.1-1-g345015f (webtiles) character file.

32 inc the Chiller (level 3, -5/21 HPs)
             Began as an Octopode Ice Elementalist on June 17, 2018.
             Slain by a bullfrog skeleton (6 damage)
             ... on level 2 of the Dungeon.
             The game lasted 00:01:46 (1518 turns).

inc the Chiller (Octopode Ice Elementalist)         Turns: 1518, Time: 00:01:46

Health: -5/21      AC:  1    Str:  7    XL:     3   Next: 27%
Magic:  5/6        EV: 12    Int: 18    God:
Gold:   38         SH:  0    Dex: 12    Spells: 5/6 levels left

rFire    . . .     SeeInvis .   d - +0 short sword
rCold    . . .     Gourm    .   (no shield)
rNeg     . . .     Faith    .   (helmet restricted)
rPois    .         Spirit   .   (no amulet)
rElec    .         Reflect  .   (no ring)
rCorr    .         Harm     .   (no ring)
MR       .....                  (no ring)
Stlth    +++.......             (no ring)
HPRegen  0.07/turn              (no ring)
MPRegen  0.10/turn              (no ring)
                                (no ring)
                                (no ring)

@: heavily drained
A: almost no armour, stealthy swim, amphibious, 8 rings, constrict 8, camouflage
1, gelatinous body 1
a: no special abilities


You were on level 2 of the Dungeon.
You were near starving.

You visited 1 branch of the dungeon, and saw 3 of its levels.

You collected 38 gold pieces.

Inventory:

Hand Weapons
 d - a +0 short sword (weapon)
Jewellery
 j - an uncursed amulet of harm
Scrolls
 e - 2 scrolls of noise {unknown}
 f - 2 scrolls of identify {unknown}
 g - a scroll of teleportation {unknown}
 h - a scroll of fog {unknown}
Potions
 c - a potion of agility {unknown}
 i - a potion of brilliance {unknown}
Books
 a - a book of Frost

   Spells                             Type                      Level
   a - Freeze                         Ice                          1
   b - Throw Frost                    Conjuration/Ice              2
   c - Ozocubu's Armour               Charms/Ice                   3
   d - Throw Icicle                   Conjuration/Ice              4
   e - Summon Ice Beast               Ice/Summoning                4
Comestibles
 b - 3 rations


   Skills:
 - Level 2.0(0.4) Dodging
 - Level 2.6(1.1) Stealth
 - Level 2.0(0.4) Spellcasting
   Level 1.0(0.0) Conjurations
 + Level 4.3(2.6) Ice Magic


You had 5 spell levels left.
You knew the following spells:

 Your Spells              Type           Power        Failure   Level  Hunger
a - Freeze                Ice            #...         7%          1    ##.....


Dungeon Overview and Level Annotations

Branches:
Dungeon (3/15)

Altars:


Innate Abilities, Weirdness & Mutations

You cannot wear most types of armour.
You are very stealthy in the water. (Stealth+)
You are amphibious.
You can wear up to eight rings at the same time.
You can use your tentacles to constrict eight enemies at once.
Your skin changes colour to match your surroundings (Stealth+).
Your rubbery body absorbs attacks. (AC +1, EV +1)


Message History

You closely miss the hobgoblin. Your grab misses the hobgoblin.
The hobgoblin is heavily wounded.
You constrict the bullfrog skeleton. The hobgoblin barely misses you.
The bullfrog skeleton hits you.
You closely miss the hobgoblin. You grab the hobgoblin.
The hobgoblin is heavily wounded.
You constrict the bullfrog skeleton. You constrict the hobgoblin.
The bullfrog skeleton hits you. The hobgoblin hits you with a club!
* * * LOW HITPOINT WARNING * * *
The bullfrog skeleton barely misses you.
Unknown command.
Casting: Freeze
Confirm with . or Enter, or press ? or * to list all spells.
Aiming: Freeze
Press: ? - help, Shift-Dir - straight line, f - hobgoblin
Aim: a hobgoblin, wielding a club (severely wounded, constricted by you)
You freeze the hobgoblin.
You kill the hobgoblin!
You constrict the bullfrog skeleton. The bullfrog skeleton hits you.
You die...

#.. ###+#.#
##. ......#
.. .....(# #.
.o....#
#[#+#+####
..o...#
#........#.
.o..)<#
#..........
......#
#...)......
......# ##
#@# ....###
#..#Z####
....
##.#.#r...#
....
#......!♣rP♣
...
#.#....#)#.♣♣
!P ... #.#...
#.#.♣ .♣
...... . #.#
.♣
#.....####.#
P
......#....#


You could see a quokka and a bullfrog skeleton.

Vanquished Creatures
  3 dart slugs
  An orc (D:2)
  A ball python (D:1)
  2 giant cockroaches
  A goblin (D:1)
  3 hobgoblins
  2 quokkas (D:2)
  7 bats (D:1)
  A frilled lizard (D:1)
  A kobold (D:1)
  2 rats
24 creatures vanquished.

Notes
Turn   | Place    | Note
-------+----------+-------------------------------------------
     0 | D:1      | inc the Octopode Ice Elementalist began the quest for the Orb.
     0 | D:1      | Reached XP level 1. HP: 11/11 MP: 3/3
   270 | D:1      | Reached XP level 2. HP: 15/17 MP: 5/5
   760 | D:1      | Reached skill level 4 in Ice Magic
   943 | D:2      | You fall through a shaft!
   992 | D:2      | Reached XP level 3. HP: 17/21 MP: 6/6
  1517 | D:2      | HP: 1/21 [hobgoblin/club (7)]
  1518 | D:2      | Slain by a bullfrog skeleton

Skill      XL: |  1  2 |
---------------+-------+-----
Ice Magic      | 4 |  4.3
Dodging        | |  2.0
Stealth        | |  2.6
Spellcasting   | |  2.0
Conjurations   | |  1.0

Action                   || total
-------------------------++-------
Melee: Short sword       ||    61
       Constrict         ||    18
       Unarmed           ||     1
       Tentacles         ||     9
 Cast: Freeze            ||     8
 Stab: Sleeping          ||     9
Armor: Skin              ||    17
Dodge: Dodged            ||    59
